MapleLeafs vs Devils

Created - Saturday, February 07, 2015 at 00:12

Goals
1 2 3 T
MapleLeafs 0 3 0 3
Devils 0 1 0 1
Shots
1 2 3 T
MapleLeafs 9 9 7 25
Devils 7 14 9 30

1st period

No Goal

Penalties :
Zack Smith (Tor) for High sticking (Minor) at 3:29, Drew Stafford (NJD) for Hooking (Minor) at 8:58, Nick Foligno (Tor) for Hooking (Minor) at 17:41

2nd period

1. MapleLeafs , Joe Thornton 14 (Alexander Steen, Ryan Kesler) at 4:38 (PP)
2. MapleLeafs , Brandon Sutter 8 (Lee Stempniak) at 5:35
3. Devils , Drew Stafford 22 (Jamie McGinn, Tyler Johnson) at 16:00
4. MapleLeafs , Drew Doughty 14 (Dan Girardi) at 19:44 (PP)

Penalties :
Drew Doughty (Tor) for Roughing (Minor) at 0:25, Gregory Campbell (Tor) for Tripping (Minor) at 0:55, Patrik Berglund (NJD) for Tripping (Minor) at 4:15, Drew Doughty (Tor) for Holding (Minor) at 9:58, Drew Stafford (NJD) for Roughing (Double Minor) at 17:26

3rd period

No Goal

Penalties :
Nick Foligno (Tor) for Holding (Minor) at 1:46, Drew Stafford (NJD) for Tripping (Minor) at 16:52

Goalie Stats

Ondrej Pavelec (Tor), 29 saves from 30 shots - (0.967), W, 8-3-0, 60:00 minutes
Jimmy Howard (NJD), 22 saves from 25 shots - (0.880), L, 16-19-6, 60:00 minutes

Players Stats for MapleLeafs

Player Name              G  A  P  +/- PIM S  H  SB GA TA FO     MP     PP MP  PK MP  
------------------------------------------------------------------------------------
Alexander Steen          0  1  1   0  0   0  1  0  0  0  0/0    16:25   3:48   0:00 
Brandon Sutter           1  0  1   1  0   1  1  0  2  0  13/16  18:37   2:51   7:46 
Carl Gunnarsson          0  0  0   0  0   4  0  1  0  0  0/0    11:56   0:00   0:00 
Dan Girardi              0  1  1  -1  0   1  0  0  1  2  0/0    25:45   3:54   5:26 
Dominic Moore            0  0  0   0  0   0  0  0  0  0  0/0    11:53   0:00   2:04 
Drew Doughty             1  0  1  -1  4   3  3  2  0  1  0/0    24:26   3:54   3:25 
Dustin Brown             0  0  0   0  0   2  1  0  1  0  0/0    15:21   2:51   0:00 
Gregory Campbell         0  0  0   1  2   0  0  0  0  0  0/0    14:58   0:00   6:21 
Jarred Tinordi           0  0  0   0  0   0  1  2  0  0  0/0    14:27   0:00   2:31 
Joe Thornton             1  0  1   0  0   4  1  1  0  0  12/15  16:25   3:48   0:00 
Karl Alzner              0  0  0   1  0   1  1  1  0  3  0/0    22:19   2:45   4:59 
Kyle Palmieri            0  0  0   0  0   1  0  0  2  0  0/0     9:25   0:00   0:00 
Lee Stempniak            0  1  1   1  0   0  1  0  1  0  0/0     7:52   0:00   0:00 
Marc-Edouard Vlasic      0  0  0   1  0   2  1  0  0  0  0/0    22:19   2:45   4:59 
Nick Foligno             0  0  0  -1  4   0  2  0  0  0  0/1    13:34   0:00   1:04 
Ryan Kesler              0  1  1  -1  0   4  0  0  4  0  5/11   15:48   3:48   0:00 
Zach Parise              0  0  0  -1  0   1  1  0  0  0  0/1    14:44   2:51   0:00 
Zack Smith               0  0  0   0  2   1  2  2  0  2  5/6    11:46   0:00   1:35 

Players Stats for Devils

Player Name              G  A  P  +/- PIM S  H  SB GA TA FO     MP     PP MP  PK MP  
------------------------------------------------------------------------------------
Adam Burish              0  0  0   0  0   1  3  0  0  0  2/3    13:56   0:00   4:15 
Alex Tanguay             0  0  0  -1  0   1  1  1  1  1  0/1    18:15   4:36   1:45 
Brent Seabrook           0  0  0  -1  0   3  1  2  0  1  0/0    27:23   6:07   3:11 
Chris Mueller            0  0  0  -1  0   0  1  1  0  0  3/10   12:23   0:00   1:33 
David Warsofsky          0  0  0   1  0   0  1  2  0  0  0/0    25:07   6:07   3:11 
Drew Stafford            1  0  1   1  8   3  5  1  1  0  0/1    19:12   5:49   0:23 
Grant Clitsome           0  0  0   0  0   3  2  0  1  1  0/0    20:00   4:18   3:28 
Jamie McGinn             0  1  1   1  0   2  2  0  3  0  0/0    19:00   5:49   0:28 
Jay Beagle               0  0  0   0  0   0  1  0  1  0  1/2     8:54   0:00   0:00 
John Carlson             0  0  0  -1  0   1  0  2  0  0  0/0    14:53   0:00   0:00 
Kris Versteeg            0  0  0  -1  0   2  0  0  2  0  0/1    16:10   4:36   0:00 
Martin Erat              0  0  0   0  0   2  0  0  2  0  3/7     9:25   0:00   0:00 
Matt Irwin               0  0  0   0  0   2  0  2  0  0  0/0    11:22   0:00   0:00 
Patrik Berglund          0  0  0   0  2   2  0  0  1  0  0/0     8:53   0:00   0:00 
Ryan Jones               0  0  0   0  0   1  2  0  0  0  0/0     8:54   0:00   0:00 
Tim Gleason              0  0  0   1  0   0  3  1  0  4  0/0    21:15   4:18   3:28 
Tyler Johnson            0  1  1   1  0   6  2  0  2  0  3/16   18:01   4:36   0:28 
Ville Leino              0  0  0   0  0   1  0  0  2  0  3/9    20:14   5:49   4:26 

3 Stars

1 - Ondrej Pavelec (Tor)
2 - Brandon Sutter (Tor)
3 - Joe Thornton (Tor)

Power Play

MapleLeafs - 2 on 5 Attempt(s) - 40.00%
Devils - 0 on 6 Attempt(s) - 0.00%

Penalty Kill

MapleLeafs - 6 on 6 Attempt(s) - 100.00% - Score 0 goal in Penalty Kill
Devils - 3 on 5 Attempt(s) - 60.00% - Score 0 goal in Penalty Kill

Team Stat

MapleLeafs - Hits : 16 - Faceoff Wins : 35 - Blocked Shots : 9 - Penalty Minutes : 12
Devils - Hits : 24 - Faceoff Wins : 15 - Blocked Shots : 12 - Penalty Minutes : 10

Official

Referees : Unknown
Linesman : Unknown

Game Notes

No Game Note

Finance

Level 1 -- Attendance: 6000 (100.00%) -- Ticket Income $450,000
Level 2 -- Attendance: 3610 (72.20%) -- Ticket Income $216,600
Level 3 -- Attendance: 1471 (73.55%) -- Ticket Income $51,485
Level 4 -- Attendance: 2200 (55.00%) -- Ticket Income $55,000
Luxury Box -- Attendance: 975 (97.50%) -- Ticket Income $156,000
Game was played at the Continental Airlines Arena'
Total Attendance: 14256 (79.20%)
Total Ticket Income: $929,085
Other Income: $455,252
Total Income: $1,384,337

MapleLeafs

5 vs 5 Forward 
   Center                   Left Wing                Right Wing               Time % Phy DF OF 
 1 Joe Thornton             Alexander Steen          Dustin Brown             35     1   2  2  
 2 Ryan Kesler              Zach Parise              Nick Foligno             30     1   2  2  
 3 Brandon Sutter           Gregory Campbell         Lee Stempniak            22     1   2  2  
 4 Zack Smith               Dominic Moore            Kyle Palmieri            13     2   2  1  

5 vs 5 Defense 
   Defense                  Defense                                           Time % Phy DF OF 
 1 Drew Doughty             Dan Girardi                                       40     1   2  2  
 2 Karl Alzner              Marc-Edouard Vlasic                               35     1   2  2  
 3 Carl Gunnarsson          Jarred Tinordi                                    20     1   2  2  
 4 Drew Doughty             Dan Girardi                                       5      1   2  2  

PowerPlay Forward 
   Center                   Left Wing                Right Wing               Time % Phy DF OF 
 1 Joe Thornton             Alexander Steen          Ryan Kesler              60     1   0  4  
 2 Brandon Sutter           Zach Parise              Dustin Brown             40     1   0  4  

PowerPlay Defense
   Defense                  Defense                                           Time % Phy DF OF 
 1 Drew Doughty             Dan Girardi                                       60     1   1  3  
 2 Karl Alzner              Marc-Edouard Vlasic                               40     1   1  3  

Penalty Kill 4 Players Forward 
   Center                   Wing                     Time % Phy DF OF 
 1 Brandon Sutter           Gregory Campbell         60     1   3  1  
 2 Zack Smith               Dominic Moore            40     1   3  1  

Penalty Kill 4 Players Defense
   Defense                  Defense                  Time % Phy DF OF 
 1 Drew Doughty             Dan Girardi              50     1   3  1  
 2 Karl Alzner              Marc-Edouard Vlasic      50     1   3  1  

Penalty Kill - 3 Players Forward 
   Forward                                           Time % Phy DF OF 
 1 Brandon Sutter                                    60     1   4  0  
 2 Dominic Moore                                     40     1   4  0  

Penalty Kill - 3 Players Defense
   Defense                  Defense                  Time % Phy DF OF 
 1 Drew Doughty             Dan Girardi              55     1   4  0  
 2 Karl Alzner              Marc-Edouard Vlasic      45     1   4  0  

4 vs 4 Forward 
   Center                   Wing                     Time % Phy DF OF 
 1 Joe Thornton             Alexander Steen          60     1   1  3  
 2 Ryan Kesler              Zach Parise              40     1   1  3  

4 vs 4 Defense
   Defense                  Defense                  Time % Phy DF OF 
 1 Drew Doughty             Dan Girardi              60     1   2  2  
 2 Karl Alzner              Marc-Edouard Vlasic      40     1   2  2  

Last Minutes Offensive
   Center                   Left Wing                Right Wing               Defense                  Defense                  
   Joe Thornton             Alexander Steen          Ryan Kesler              Drew Doughty             Dan Girardi              

Last Minutes Defensive
   Center                   Left Wing                Right Wing               Defense                  Defense                  
   Joe Thornton             Alexander Steen          Ryan Kesler              Drew Doughty             Dan Girardi              

Goaltenders
Starting : Ondrej Pavelec           
Backup : Cory Schneider           

Extra Forwards
Normal : Lee Stempniak, Zack Smith, Nick Foligno - PP : Lee Stempniak, Zack Smith - PK : Nick Foligno
Extra Defensemen
Normal : Carl Gunnarsson, Jarred Tinordi, Karl Alzner - PP : Carl Gunnarsson - PK : Jarred Tinordi, Karl Alzner
Penalty Shots
Joe Thornton, Alexander Steen, Ryan Kesler, Zach Parise, Dustin Brown

Devils

5 vs 5 Forward 
   Center                   Left Wing                Right Wing               Time % Phy DF OF 
 1 Tyler Johnson            Drew Stafford            Jamie McGinn             35     1   2  2  
 2 Chris Mueller            Alex Tanguay             Kris Versteeg            30     1   2  2  
 3 Martin Erat              Adam Burish              Ville Leino              22     1   2  2  
 4 Jay Beagle               Ryan Jones               Patrik Berglund          13     1   2  2  

5 vs 5 Defense 
   Defense                  Defense                                           Time % Phy DF OF 
 1 Brent Seabrook           John Carlson                                      35     1   2  2  
 2 Tim Gleason              David Warsofsky                                   30     1   2  2  
 3 Matt Irwin               Grant Clitsome                                    22     1   2  2  
 4 Brent Seabrook           David Warsofsky                                   13     1   2  2  

PowerPlay Forward 
   Center                   Left Wing                Right Wing               Time % Phy DF OF 
 1 Ville Leino              Drew Stafford            Jamie McGinn             60     1   2  2  
 2 Tyler Johnson            Alex Tanguay             Kris Versteeg            40     1   2  2  

PowerPlay Defense
   Defense                  Defense                                           Time % Phy DF OF 
 1 Brent Seabrook           David Warsofsky                                   60     1   2  2  
 2 Tim Gleason              Grant Clitsome                                    40     1   2  2  

Penalty Kill 4 Players Forward 
   Center                   Wing                     Time % Phy DF OF 
 1 Drew Stafford            Ville Leino              60     1   2  2  
 2 Tyler Johnson            Jamie McGinn             40     1   2  2  

Penalty Kill 4 Players Defense
   Defense                  Defense                  Time % Phy DF OF 
 1 Brent Seabrook           David Warsofsky          60     1   2  2  
 2 Tim Gleason              Grant Clitsome           40     1   2  2  

Penalty Kill - 3 Players Forward 
   Forward                                           Time % Phy DF OF 
 1 Drew Stafford                                     60     1   2  2  
 2 Chris Mueller                                     40     1   2  2  

Penalty Kill - 3 Players Defense
   Defense                  Defense                  Time % Phy DF OF 
 1 Brent Seabrook           David Warsofsky          60     1   2  2  
 2 Tim Gleason              Grant Clitsome           40     1   2  2  

4 vs 4 Forward 
   Center                   Wing                     Time % Phy DF OF 
 1 Drew Stafford            Ville Leino              60     1   2  2  
 2 Tyler Johnson            Jamie McGinn             40     1   2  2  

4 vs 4 Defense
   Defense                  Defense                  Time % Phy DF OF 
 1 Brent Seabrook           David Warsofsky          60     1   2  2  
 2 Tim Gleason              Grant Clitsome           40     1   2  2  

Last Minutes Offensive
   Center                   Left Wing                Right Wing               Defense                  Defense                  
   Tyler Johnson            Drew Stafford            Jamie McGinn             Brent Seabrook           David Warsofsky          

Last Minutes Defensive
   Center                   Left Wing                Right Wing               Defense                  Defense                  
   Chris Mueller            Drew Stafford            Jamie McGinn             Brent Seabrook           David Warsofsky          

Goaltenders
Starting : Jimmy Howard             
Backup : Thomas Greiss            

Extra Forwards
Normal : Martin Erat, Jay Beagle, Adam Burish - PP : Martin Erat, Jay Beagle - PK : Adam Burish
Extra Defensemen
Normal : Matt Irwin, Brent Seabrook, Tim Gleason - PP : Matt Irwin - PK : Tim Gleason, Grant Clitsome
Penalty Shots
Drew Stafford, Chris Mueller, Tyler Johnson, Jamie McGinn, Alex Tanguay

% Time on Ice - MapleLeafs

Lines # - Real PCT - Wanted PCT - Time Play
Normal Forward
1 - 32% - 35% - 13:39
2 - 29% - 30% - 12:17
3 - 18% - 22% - 7:35
4 - 22% - 13% - 9:25
Normal Defense
1 - 38% - 40% - 16:25
2 - 34% - 35% - 14:35
3 - 28% - 20% - 11:56
4 - 0% - 5% - 0:00
PP Forward
1 - 57% - 60% - 3:48
2 - 43% - 40% - 2:51
PP Defense
1 - 59% - 60% - 3:54
2 - 41% - 40% - 2:45
PK Forward
1 - 77% - 60% - 6:52
2 - 23% - 40% - 2:04
PK Defense
1 - 50% - 50% - 4:30
2 - 50% - 50% - 4:26
PK3 Forward
1 - 100% - 60% - 1:29
2 - 0% - 40% - 0:00
PK3 Defense
1 - 63% - 55% - 0:56
2 - 37% - 45% - 0:33
44 Forward
1 - 0% - 60%
2 - 0% - 40%
44 Defense
1 - 0% - 60%
2 - 0% - 40%
Last Minute Offensive  - 0:00
Last Minute Defensive  - 0:00
Total
Forward - 60:00
Defense - 60:00

% Time on Ice - Devils

Lines # - Real PCT - Wanted PCT - Time Play
Normal Forward
1 - 30% - 35% - 13:03
2 - 27% - 30% - 11:34
3 - 22% - 22% - 9:25
4 - 21% - 13% - 8:54
Normal Defense
1 - 38% - 35% - 16:08
2 - 31% - 30% - 13:29
3 - 26% - 22% - 11:22
4 - 5% - 13% - 1:57
PP Forward
1 - 56% - 60% - 5:49
2 - 44% - 40% - 4:36
PP Defense
1 - 59% - 60% - 6:07
2 - 41% - 40% - 4:18
PK Forward
1 - 93% - 60% - 6:11
2 - 7% - 40% - 0:28
PK Defense
1 - 48% - 60% - 3:11
2 - 52% - 40% - 3:28
PK3 Forward
1 - 0% - 60%
2 - 0% - 40%
PK3 Defense
1 - 0% - 60%
2 - 0% - 40%
44 Forward
1 - 0% - 60%
2 - 0% - 40%
44 Defense
1 - 0% - 60%
2 - 0% - 40%
Last Minute Offensive  - 0:00
Last Minute Defensive  - 0:00
Total
Forward - 60:00
Defense - 60:00

Play by Play

1st period


0:01 of 1st period - Joe Thornton wins face-off versus Tyler Johnson in neutral zone.
0:41 of 1st period - Icing by Brent Seabrook.
0:42 of 1st period - Ryan Kesler wins face-off versus Tyler Johnson in Devils zone.
0:47 of 1st period - Snap shot by Zach Parise.
0:47 of 1st period - Shot Misses the Net.
0:49 of 1st period - Slapshot by Marc-Edouard Vlasic.
0:49 of 1st period - Shot Misses the Net.
0:51 of 1st period - Wrist shot by Zach Parise.
0:51 of 1st period - Stopped by Jimmy Howard with a rebound.
0:53 of 1st period - Slapshot by Karl Alzner.
0:53 of 1st period - Shot Blocked by Drew Stafford.
0:55 of 1st period - Snap shot by Ryan Kesler.
0:55 of 1st period - Stopped by Jimmy Howard without a rebound.
0:56 of 1st period - Chris Mueller wins face-off versus Ryan Kesler in Devils zone.
1:19 of 1st period - Snap shot by Ryan Kesler.
1:19 of 1st period - Shot Blocked by Tim Gleason.
1:39 of 1st period - Tim Gleason is hit by Lee Stempniak and loses puck.
2:20 of 1st period - Carl Gunnarsson is hit by Grant Clitsome and loses puck.
2:43 of 1st period - Snap shot by Grant Clitsome.
2:43 of 1st period - Shot Blocked by Zack Smith.
2:53 of 1st period - Grant Clitsome is hit by Jarred Tinordi.
3:09 of 1st period - Slapshot by John Carlson.
3:09 of 1st period - Shot Blocked by Jarred Tinordi.
3:29 of 1st period - Minor Penalty to Zack Smith for High sticking.
3:30 of 1st period - Brandon Sutter wins face-off versus Ville Leino in MapleLeafs zone.
3:51 of 1st period - Snap shot by Jamie McGinn.
3:51 of 1st period - Stopped by Ondrej Pavelec without a rebound.
3:52 of 1st period - Brandon Sutter wins face-off versus Tyler Johnson in MapleLeafs zone.
4:23 of 1st period - Snap shot by Tyler Johnson.
4:23 of 1st period - Stopped by Ondrej Pavelec with a rebound.
5:29 of 1st period - Penalty to Zack Smith is over, Zack Smith is back on ice.
5:45 of 1st period - Jamie McGinn is hit by Zack Smith and loses puck.
6:22 of 1st period - Snap shot by Joe Thornton.
6:22 of 1st period - Stopped by Jimmy Howard with a rebound.
6:24 of 1st period - Slapshot by Jarred Tinordi.
6:24 of 1st period - Shot Misses the Net.
6:26 of 1st period - Slapshot by Carl Gunnarsson.
6:26 of 1st period - Stopped by Jimmy Howard with a rebound.
6:28 of 1st period - Slapshot by Carl Gunnarsson.
6:28 of 1st period - Deflect By Grant Clitsome.
6:28 of 1st period - Stopped by Jimmy Howard without a rebound.
6:29 of 1st period - Martin Erat wins face-off versus Ryan Kesler in Devils zone.
8:58 of 1st period - Minor Penalty to Drew Stafford for Hooking.
8:59 of 1st period - Joe Thornton wins face-off versus Adam Burish in Devils zone.
10:26 of 1st period - Slapshot by Tyler Johnson.
10:26 of 1st period - Stopped by Ondrej Pavelec without a rebound.
10:27 of 1st period - Tyler Johnson wins face-off versus Brandon Sutter in MapleLeafs zone.
10:28 of 1st period - Wrist shot by Jamie McGinn.
10:28 of 1st period - Shot Blocked by Drew Doughty.
10:58 of 1st period - Penalty to Drew Stafford is over, Drew Stafford is back on ice.
11:04 of 1st period - Dominic Moore is hit by Adam Burish and loses puck.
11:13 of 1st period - Snap shot by Kyle Palmieri.
11:13 of 1st period - Stopped by Jimmy Howard without a rebound.
11:14 of 1st period - Zack Smith wins face-off versus Tyler Johnson in Devils zone.
11:19 of 1st period - Wrist shot by Zack Smith.
11:19 of 1st period - Stopped by Jimmy Howard with a rebound.
11:33 of 1st period - Snap shot by Drew Stafford.
11:33 of 1st period - Stopped by Ondrej Pavelec with a rebound.
11:37 of 1st period - Wrist shot by Drew Stafford.
11:37 of 1st period - Shot Misses the Net.
11:39 of 1st period - Slapshot by John Carlson.
11:39 of 1st period - Stopped by Ondrej Pavelec without a rebound.
11:40 of 1st period - Brandon Sutter wins face-off versus Jay Beagle in MapleLeafs zone.
12:03 of 1st period - Slapshot by Matt Irwin.
12:03 of 1st period - Shot Misses the Net.
12:05 of 1st period - Slapshot by Grant Clitsome.
12:05 of 1st period - Shot Misses the Net.
12:33 of 1st period - Zach Parise is hit by Drew Stafford and loses puck.
13:10 of 1st period - Marc-Edouard Vlasic is hit by Jamie McGinn.
14:02 of 1st period - Drew Doughty is hit by Adam Burish and loses puck.
14:15 of 1st period - Snap shot by Ville Leino.
14:15 of 1st period - Shot Blocked by Zack Smith.
14:25 of 1st period - Snap shot by Drew Doughty.
14:25 of 1st period - Shot Misses the Net.
14:31 of 1st period - Zack Smith is hit by Tim Gleason and loses puck.
14:56 of 1st period - Carl Gunnarsson is hit by Tyler Johnson.
15:29 of 1st period - Off-side.
15:30 of 1st period - Ryan Kesler wins face-off versus Alex Tanguay in neutral zone.
15:39 of 1st period - Slapshot by Nick Foligno.
15:39 of 1st period - Shot Blocked by Brent Seabrook.
15:41 of 1st period - Slapshot by Drew Doughty.
15:41 of 1st period - Shot Blocked by John Carlson.
15:43 of 1st period - Slapshot by Drew Doughty.
15:43 of 1st period - Stopped by Jimmy Howard without a rebound.
15:44 of 1st period - Joe Thornton wins face-off versus Martin Erat in Devils zone.
16:01 of 1st period - Snap shot by Dustin Brown.
16:01 of 1st period - Stopped by Jimmy Howard without a rebound.
16:02 of 1st period - Joe Thornton wins face-off versus Martin Erat in Devils zone.
16:18 of 1st period - Snap shot by Martin Erat.
16:18 of 1st period - Shot Blocked by Karl Alzner.
16:54 of 1st period - Off-side.
16:55 of 1st period - Chris Mueller wins face-off versus Ryan Kesler in neutral zone.
17:03 of 1st period - Icing by Drew Doughty.
17:04 of 1st period - Chris Mueller wins face-off versus Zach Parise in MapleLeafs zone.
17:41 of 1st period - Minor Penalty to Nick Foligno for Hooking.
17:42 of 1st period - Ville Leino wins face-off versus Brandon Sutter in MapleLeafs zone.
18:32 of 1st period - Wrist shot by Tyler Johnson.
18:32 of 1st period - Shot Misses the Net.
18:34 of 1st period - Wrist shot by Tyler Johnson.
18:34 of 1st period - Stopped by Ondrej Pavelec with a rebound.
19:04 of 1st period - Drew Doughty is hit by Alex Tanguay and loses puck.
19:21 of 1st period - Dan Girardi is hit by Tim Gleason and loses puck.
19:32 of 1st period - Dan Girardi is hit by Drew Stafford.
19:41 of 1st period - Penalty to Nick Foligno is over, Nick Foligno is back on ice.
19:54 of 1st period - Wrist shot by Brent Seabrook.
19:54 of 1st period - Shot Misses the Net.
19:56 of 1st period - Wrist shot by Ryan Jones.
19:56 of 1st period - Shot Blocked by Joe Thornton.
19:58 of 1st period - Wrist shot by Patrik Berglund.
19:58 of 1st period - Stopped by Ondrej Pavelec with a rebound.
Goals for this period are 0 for MapleLeafs vs 0 for Devils.
Shots for this period are 9 for MapleLeafs vs 7 for Devils.

2nd period


0:01 of 2nd period - Joe Thornton wins face-off versus Tyler Johnson in neutral zone.
0:25 of 2nd period - Minor Penalty to Drew Doughty for Roughing.
0:26 of 2nd period - Brandon Sutter wins face-off versus Ville Leino in MapleLeafs zone.
0:38 of 2nd period - Backhand shot by Ville Leino.
0:38 of 2nd period - Stopped by Ondrej Pavelec without a rebound.
0:39 of 2nd period - Ville Leino wins face-off versus Brandon Sutter in MapleLeafs zone.
0:55 of 2nd period - Minor Penalty to Gregory Campbell for Tripping.
0:56 of 2nd period - Brandon Sutter wins face-off versus Tyler Johnson in MapleLeafs zone.
1:12 of 2nd period - Backhand shot by Tyler Johnson.
1:12 of 2nd period - Shot Blocked by Jarred Tinordi.
1:14 of 2nd period - Slapshot by Brent Seabrook.
1:14 of 2nd period - Stopped by Ondrej Pavelec with a rebound.
1:18 of 2nd period - Snap shot by Tyler Johnson.
1:18 of 2nd period - Stopped by Ondrej Pavelec with a rebound.
1:20 of 2nd period - Slapshot by Brent Seabrook.
1:20 of 2nd period - Stopped by Ondrej Pavelec with a rebound.
2:05 of 2nd period - Karl Alzner is hit by Drew Stafford and loses puck.
2:25 of 2nd period - Penalty to Drew Doughty is over, Drew Doughty is back on ice.
2:26 of 2nd period - Alex Tanguay is hit by Drew Doughty and loses puck.
2:55 of 2nd period - Penalty to Gregory Campbell is over, Gregory Campbell is back on ice.
3:21 of 2nd period - Slapshot by Matt Irwin.
3:21 of 2nd period - Stopped by Ondrej Pavelec with a rebound.
3:31 of 2nd period - Snap shot by Ryan Jones.
3:31 of 2nd period - Deflect By Drew Doughty.
3:31 of 2nd period - Shot Misses the Net.
3:31 of 2nd period - Puck is out of play.
3:32 of 2nd period - Ville Leino wins face-off versus Joe Thornton in MapleLeafs zone.
3:37 of 2nd period - Backhand shot by Martin Erat.
3:37 of 2nd period - Stopped by Ondrej Pavelec without a rebound.
3:38 of 2nd period - Joe Thornton wins face-off versus Martin Erat in MapleLeafs zone.
4:15 of 2nd period - Minor Penalty to Patrik Berglund for Tripping.
4:16 of 2nd period - Joe Thornton wins face-off versus Drew Stafford in Devils zone.
4:38 of 2nd period - Slapshot by Joe Thornton.
4:38 of 2nd period - Goal by Joe Thornton - MapleLeafs : 1 - Devils : 0.
4:39 of 2nd period - Ryan Kesler wins face-off versus Tyler Johnson in neutral zone.
5:03 of 2nd period - Snap shot by Jamie McGinn.
5:03 of 2nd period - Deflect By Tyler Johnson.
5:03 of 2nd period - Stopped by Ondrej Pavelec without a rebound.
5:04 of 2nd period - Brandon Sutter wins face-off versus Chris Mueller in MapleLeafs zone.
5:23 of 2nd period - Wrist shot by Brandon Sutter.
5:23 of 2nd period - Deflect By Lee Stempniak.
5:23 of 2nd period - Deflect By John Carlson.
5:23 of 2nd period - Shot Misses the Net.
5:23 of 2nd period - Puck is out of play.
5:24 of 2nd period - Brandon Sutter wins face-off versus Chris Mueller in Devils zone.
5:35 of 2nd period - Wrist shot by Brandon Sutter.
5:35 of 2nd period - Goal by Brandon Sutter - MapleLeafs : 2 - Devils : 0.
5:36 of 2nd period - Tyler Johnson wins face-off versus Nick Foligno in neutral zone.
6:48 of 2nd period - Slapshot by Martin Erat.
6:48 of 2nd period - Shot Misses the Net.
6:50 of 2nd period - Slapshot by Grant Clitsome.
6:50 of 2nd period - Stopped by Ondrej Pavelec with a rebound.
6:52 of 2nd period - Slapshot by Grant Clitsome.
6:52 of 2nd period - Shot Misses the Net.
6:54 of 2nd period - Slapshot by Grant Clitsome.
6:54 of 2nd period - Stopped by Ondrej Pavelec without a rebound.
6:55 of 2nd period - Joe Thornton wins face-off versus Kris Versteeg in MapleLeafs zone.
7:10 of 2nd period - Snap shot by Joe Thornton.
7:10 of 2nd period - Shot Blocked by Alex Tanguay.
7:12 of 2nd period - Wrist shot by Joe Thornton.
7:12 of 2nd period - Stopped by Jimmy Howard with a rebound.
7:14 of 2nd period - Snap shot by Dustin Brown.
7:14 of 2nd period - Shot Blocked by Chris Mueller.
7:16 of 2nd period - Wrist shot by Karl Alzner.
7:16 of 2nd period - Stopped by Jimmy Howard with a rebound.
7:18 of 2nd period - Snap shot by Dustin Brown.
7:18 of 2nd period - Shot Misses the Net.
7:23 of 2nd period - Icing by Tim Gleason.
7:24 of 2nd period - Zack Smith wins face-off versus Chris Mueller in Devils zone.
7:40 of 2nd period - Wrist shot by Kyle Palmieri.
7:40 of 2nd period - Shot Blocked by David Warsofsky.
7:54 of 2nd period - Jarred Tinordi is hit by Adam Burish and loses puck.
8:50 of 2nd period - Karl Alzner is hit by Jamie McGinn and loses puck.
9:07 of 2nd period - Wrist shot by Tyler Johnson.
9:07 of 2nd period - Shot Misses the Net.
9:35 of 2nd period - Slapshot by Matt Irwin.
9:35 of 2nd period - Stopped by Ondrej Pavelec with a rebound.
9:37 of 2nd period - Snap shot by Ryan Jones.
9:37 of 2nd period - Stopped by Ondrej Pavelec without a rebound.
9:38 of 2nd period - Joe Thornton wins face-off versus Chris Mueller in MapleLeafs zone.
9:58 of 2nd period - Minor Penalty to Drew Doughty for Holding.
9:59 of 2nd period - Brandon Sutter wins face-off versus Ville Leino in MapleLeafs zone.
10:14 of 2nd period - Slapshot by Drew Stafford.
10:14 of 2nd period - Deflect By Jarred Tinordi.
10:14 of 2nd period - Shot Misses the Net.
10:14 of 2nd period - Puck is out of play.
10:15 of 2nd period - Brandon Sutter wins face-off versus Ville Leino in MapleLeafs zone.
11:02 of 2nd period - Jarred Tinordi is hit by Tyler Johnson and loses puck.
11:58 of 2nd period - Penalty to Drew Doughty is over, Drew Doughty is back on ice.
12:03 of 2nd period - Grant Clitsome is hit by Zack Smith and loses puck.
13:20 of 2nd period - Matt Irwin is hit by Drew Doughty and loses puck.
13:33 of 2nd period - Matt Irwin is hit by Nick Foligno and loses puck.
14:34 of 2nd period - Brent Seabrook is hit by Marc-Edouard Vlasic and loses puck.
14:53 of 2nd period - Carl Gunnarsson is hit by Ryan Jones and loses puck.
15:14 of 2nd period - Wrist shot by Martin Erat.
15:14 of 2nd period - Deflect By Ville Leino.
15:14 of 2nd period - Shot Blocked by Carl Gunnarsson.
15:14 of 2nd period - Puck is out of play.
15:15 of 2nd period - Martin Erat wins face-off versus Ryan Kesler in MapleLeafs zone.
15:32 of 2nd period - Wrist shot by Ryan Kesler.
15:32 of 2nd period - Shot Blocked by Matt Irwin.
15:54 of 2nd period - Wrist shot by Tyler Johnson.
15:54 of 2nd period - Shot Misses the Net.
15:56 of 2nd period - Slapshot by Drew Stafford.
15:56 of 2nd period - Shot Misses the Net.
15:58 of 2nd period - Slapshot by Jamie McGinn.
15:58 of 2nd period - Shot Blocked by Drew Doughty.
16:00 of 2nd period - Slapshot by Drew Stafford.
16:00 of 2nd period - Goal by Drew Stafford - MapleLeafs : 2 - Devils : 1.
16:01 of 2nd period - Brandon Sutter wins face-off versus Chris Mueller in neutral zone.
16:08 of 2nd period - Gregory Campbell is hit by Tim Gleason and loses puck.
16:21 of 2nd period - Slapshot by Brandon Sutter.
16:21 of 2nd period - Shot Misses the Net.
16:33 of 2nd period - Wrist shot by Kris Versteeg.
16:33 of 2nd period - Stopped by Ondrej Pavelec with a rebound.
16:51 of 2nd period - Snap shot by Joe Thornton.
16:51 of 2nd period - Stopped by Jimmy Howard with a rebound.
17:09 of 2nd period - Carl Gunnarsson is hit by Jay Beagle and loses puck.
17:16 of 2nd period - Slapshot by Brent Seabrook.
17:16 of 2nd period - Stopped by Ondrej Pavelec without a rebound.
17:17 of 2nd period - Ryan Kesler wins face-off versus Tyler Johnson in MapleLeafs zone.
17:17 of 2nd period - Ryan Kesler is hit by Drew Stafford.
17:26 of 2nd period - Double Minor Penalty to Drew Stafford for Roughing.
17:27 of 2nd period - Adam Burish wins face-off versus Joe Thornton in Devils zone.
19:26 of 2nd period - Slapshot by Dustin Brown.
19:26 of 2nd period - Stopped by Jimmy Howard with a rebound.
19:28 of 2nd period - Snap shot by Dan Girardi.
19:28 of 2nd period - Stopped by Jimmy Howard with a rebound.
19:30 of 2nd period - Slapshot by Dan Girardi.
19:30 of 2nd period - Deflect By Zach Parise.
19:30 of 2nd period - Shot Misses the Net.
19:30 of 2nd period - Puck is out of play.
19:31 of 2nd period - Brandon Sutter wins face-off versus Ville Leino in Devils zone.
19:44 of 2nd period - Slapshot by Drew Doughty.
19:44 of 2nd period - Goal by Drew Doughty - MapleLeafs : 3 - Devils : 1.
19:45 of 2nd period - Zack Smith wins face-off versus Tyler Johnson in neutral zone.
19:48 of 2nd period - Slapshot by Marc-Edouard Vlasic.
19:48 of 2nd period - Stopped by Jimmy Howard without a rebound.
19:49 of 2nd period - Tyler Johnson wins face-off versus Zack Smith in Devils zone.
19:54 of 2nd period - Marc-Edouard Vlasic is hit by Grant Clitsome and loses puck.
Goals for this period are 3 for MapleLeafs vs 1 for Devils.
Shots for this period are 9 for MapleLeafs vs 14 for Devils.

3rd period


0:01 of 3rd period - Joe Thornton wins face-off versus Tyler Johnson in neutral zone.
0:30 of 3rd period - Snap shot by Drew Stafford.
0:30 of 3rd period - Stopped by Ondrej Pavelec without a rebound.
0:31 of 3rd period - Brandon Sutter wins face-off versus Chris Mueller in MapleLeafs zone.
1:03 of 3rd period - Slapshot by Tim Gleason.
1:03 of 3rd period - Deflect By Chris Mueller.
1:03 of 3rd period - Shot Misses the Net.
1:03 of 3rd period - Puck is out of play.
1:04 of 3rd period - Martin Erat wins face-off versus Ryan Kesler in MapleLeafs zone.
1:34 of 3rd period - Slapshot by Martin Erat.
1:34 of 3rd period - Stopped by Ondrej Pavelec with a rebound.
1:40 of 3rd period - Snap shot by Adam Burish.
1:40 of 3rd period - Stopped by Ondrej Pavelec with a rebound.
1:46 of 3rd period - Minor Penalty to Nick Foligno for Holding.
1:47 of 3rd period - Brandon Sutter wins face-off versus Tyler Johnson in MapleLeafs zone.
2:12 of 3rd period - Snap shot by Kris Versteeg.
2:12 of 3rd period - Stopped by Ondrej Pavelec with a rebound.
2:14 of 3rd period - Wrist shot by Alex Tanguay.
2:14 of 3rd period - Stopped by Ondrej Pavelec with a rebound.
2:46 of 3rd period - Tim Gleason is hit by Brandon Sutter and loses puck.
2:53 of 3rd period - Slapshot by Grant Clitsome.
2:53 of 3rd period - Stopped by Ondrej Pavelec without a rebound.
2:54 of 3rd period - Zack Smith wins face-off versus Ville Leino in MapleLeafs zone.
3:46 of 3rd period - Penalty to Nick Foligno is over, Nick Foligno is back on ice.
4:28 of 3rd period - Snap shot by Patrik Berglund.
4:28 of 3rd period - Stopped by Ondrej Pavelec with a rebound.
5:01 of 3rd period - Brent Seabrook is hit by Nick Foligno and loses puck.
5:18 of 3rd period - Carl Gunnarsson is hit by David Warsofsky.
5:30 of 3rd period - Drew Doughty is hit by Drew Stafford and loses puck.
6:14 of 3rd period - Dan Girardi is hit by Chris Mueller and loses puck.
6:21 of 3rd period - Alex Tanguay is hit by Drew Doughty and loses puck.
6:36 of 3rd period - Slapshot by Joe Thornton.
6:36 of 3rd period - Shot Misses the Net.
7:11 of 3rd period - Slapshot by Ryan Kesler.
7:11 of 3rd period - Deflect By Zach Parise.
7:11 of 3rd period - Shot Misses the Net.
7:11 of 3rd period - Puck is out of play.
7:12 of 3rd period - Jay Beagle wins face-off versus Ryan Kesler in Devils zone.
8:19 of 3rd period - Wrist shot by Tim Gleason.
8:19 of 3rd period - Shot Misses the Net.
9:15 of 3rd period - Slapshot by Joe Thornton.
9:15 of 3rd period - Shot Blocked by Matt Irwin.
9:39 of 3rd period - Dan Girardi is hit by Ryan Jones and loses puck.
10:04 of 3rd period - Snap shot by Drew Stafford.
10:04 of 3rd period - Shot Misses the Net.
10:06 of 3rd period - Snap shot by Tyler Johnson.
10:06 of 3rd period - Stopped by Ondrej Pavelec with a rebound.
10:08 of 3rd period - Wrist shot by Tyler Johnson.
10:08 of 3rd period - Shot Misses the Net.
10:10 of 3rd period - Snap shot by Jamie McGinn.
10:10 of 3rd period - Stopped by Ondrej Pavelec with a rebound.
10:46 of 3rd period - Backhand shot by Brandon Sutter.
10:46 of 3rd period - Shot Blocked by Brent Seabrook.
11:14 of 3rd period - Tim Gleason is hit by Zach Parise.
11:24 of 3rd period - Snap shot by Ryan Kesler.
11:24 of 3rd period - Stopped by Jimmy Howard without a rebound.
11:25 of 3rd period - Ryan Kesler wins face-off versus Chris Mueller in Devils zone.
11:39 of 3rd period - Slapshot by Marc-Edouard Vlasic.
11:39 of 3rd period - Shot Misses the Net.
11:41 of 3rd period - Slapshot by Marc-Edouard Vlasic.
11:41 of 3rd period - Shot Misses the Net.
11:43 of 3rd period - Slapshot by Karl Alzner.
11:43 of 3rd period - Shot Misses the Net.
11:49 of 3rd period - Wrist shot by Ryan Kesler.
11:49 of 3rd period - Stopped by Jimmy Howard with a rebound.
13:14 of 3rd period - Snap shot by Drew Doughty.
13:14 of 3rd period - Deflect By Jay Beagle.
13:14 of 3rd period - Stopped by Jimmy Howard without a rebound.
13:15 of 3rd period - Joe Thornton wins face-off versus Martin Erat in Devils zone.
16:14 of 3rd period - Alexander Steen is hit by Brent Seabrook and loses puck.
16:41 of 3rd period - Matt Irwin is hit by Alexander Steen and loses puck.
16:52 of 3rd period - Minor Penalty to Drew Stafford for Tripping.
16:53 of 3rd period - Adam Burish wins face-off versus Joe Thornton in Devils zone.
17:10 of 3rd period - Slapshot by Ryan Kesler.
17:10 of 3rd period - Shot Misses the Net.
17:12 of 3rd period - Snap shot by Alexander Steen.
17:12 of 3rd period - Shot Blocked by David Warsofsky.
17:14 of 3rd period - Slapshot by Marc-Edouard Vlasic.
17:14 of 3rd period - Stopped by Jimmy Howard with a rebound.
17:34 of 3rd period - Tim Gleason is hit by Dustin Brown and loses puck.
18:03 of 3rd period - Tim Gleason is hit by Karl Alzner and loses puck.
18:46 of 3rd period - Alex Tanguay is hit by Joe Thornton and loses puck.
18:52 of 3rd period - Penalty to Drew Stafford is over, Drew Stafford is back on ice.
18:55 of 3rd period - Slapshot by Ryan Kesler.
18:55 of 3rd period - Stopped by Jimmy Howard without a rebound.
18:56 of 3rd period - Joe Thornton wins face-off versus Tyler Johnson in Devils zone.
19:09 of 3rd period - Snap shot by Kyle Palmieri.
19:09 of 3rd period - Shot Misses the Net.
19:11 of 3rd period - Wrist shot by Dominic Moore.
19:11 of 3rd period - Shot Blocked by John Carlson.
19:13 of 3rd period - Snap shot by Carl Gunnarsson.
19:13 of 3rd period - Stopped by Jimmy Howard with a rebound.
19:15 of 3rd period - Slapshot by Carl Gunnarsson.
19:15 of 3rd period - Stopped by Jimmy Howard without a rebound.
19:16 of 3rd period - Zack Smith wins face-off versus Tyler Johnson in Devils zone.
Goals for this period are 0 for MapleLeafs vs 0 for Devils.
Shots for this period are 7 for MapleLeafs vs 9 for Devils.


Output by the SimonT Hockey Simulator (STHS) for Eric Dolegowski -- Original Page W3C XHTML 1.0 Valid
Hockey Simulator - Hockey Simulation - Hockey Manager